 Dungeon Crawl Stone Soup version 0.23.2 (webtiles) character file.

Game seed: 9846938042842031801

60 sagitran the Skirmisher (level 3, -1/29 HPs)
             Began as a Demonspawn Chaos Knight on Mar 31, 2019.
             Was a Plaything of Xom.
             Slain by a spatial vortex (7 damage)
             ... summoned by the capriciousness of Xom
             ... on level 2 of the Dungeon.
             The game lasted 00:05:43 (1320 turns).

sagitran the Skirmisher (Demonspawn Chaos Knight)   Turns: 1320, Time: 00:05:43

Health: -1/29      AC:  5    Str: 12    XL:     3   Next: 80%
Magic:  12/12      EV: 11    Int: 13    God:    Xom [*.....]
Gold:   119        SH:  0    Dex: 13    Spells: 2/2 levels left

rFire    . . .     SeeInvis .   a - +1 falchion (chaos)
rCold    . . .     Gourm    .   (no shield)
rNeg     . . .     Faith    .   b - +2 leather armour
rPois    .         Spirit   .   (helmet restricted)
rElec    .         Reflect  .   (no cloak)
rCorr    .         Harm     .   (no gloves)
MR       .....                  (no boots)
Stlth    +.........             (no amulet)
HPRegen  0.09/turn              h - ring of flight
MPRegen  0.13/turn              i - ring of magical power

@: no status effects
A: antennae 1
a: Renounce Religion, Evoke Flight


You were on level 2 of the Dungeon.
You worshipped Xom.
You were a special plaything of Xom.
You were not hungry.

You visited 1 branch of the dungeon, and saw 2 of its levels.

You collected 119 gold pieces.

Inventory:

Hand Weapons
 a - a +1 falchion of chaos (weapon)
Missiles
 q - 4 tomahawks of returning (quivered)
Armour
 b - a +2 leather armour (worn)
Jewellery
 h - a ring of flight (left hand)
 i - a ring of magical power (right hand)
 r - an uncursed ring of stealth {unknown}
Scrolls
 d - 2 scrolls of immolation
 e - a scroll of teleportation
 f - a scroll of identify
 l - a scroll of noise {unknown}
 m - 2 scrolls of fear {unknown}
 o - a scroll of fog {unknown}
 p - a scroll of amnesia {unknown}
 t - 2 scrolls of enchant armour {unknown}
Potions
 g - a potion of might
 j - 2 potions of flight
 n - 2 potions of curing
 s - a potion of ambrosia {unknown}
Comestibles
 c - 4 rations
 k - a chunk of flesh


   Skills:
 + Level 3.5 Fighting
 + Level 3.5 Long Blades
 + Level 2.2 Armour
 + Level 1.2 Dodging
 + Level 0.3 Stealth


You had 2 spell levels left.
You didn't know any spells.
Your spell library was empty.

Dungeon Overview and Level Annotations

Branches:
Dungeon (2/15)

Altars:


Innate Abilities, Weirdness & Mutations

You have a pair of small antennae on your head.


Message History

a jackal corpse x2
Things that are here:
a jackal corpse x2
Your extra speed is starting to run out.
You feel yourself slow down. Xom notices you.
Space twists in upon itself!
A spatial vortex comes into view.
You barely miss the spatial vortex. The spatial vortex hits you.
Space warps horribly around you!
* * * LOW HITPOINT WARNING * * *
You hit the spatial vortex.
The spatial vortex is lightly damaged.
The spatial vortex closely misses you.
You hit the spatial vortex.
The spatial vortex flickers and vanishes!
Deactivating autopickup; reactivate with Ctrl-A.
Xom is mildly amused.
Something hits you!
You die...

####...............#######.....##
.................................
..##...............#####.........
..........###...#....÷...........
..####....# ##..[.###..#.........
(.# #....# #[...#.#............
### #.#### ##..##.##.##.#.....#.
#.# ##...#.#...#...#...##. ##.#
#..##@##..............
#..##.....#{#...###..........
#.###.####.##..## ##......... ##
#.# #.#(..#...## #........÷
.####)# #.#...#..## #........#
...##.# #.#...#...## #........#
...##.# #.####.##..## #......(.#
......# #.....#.#...## #.#.######
....### ##.#).##.##..###.#(# #


There were no monsters in sight!

Vanquished Creatures
  An adder (D:2)
  An ooze (D:2)
  3 dart slugs (D:1)
  2 leopard geckos
  An orc (D:2)
  2 bats
  4 giant cockroaches
  6 goblins
  4 hobgoblins (D:2)
  2 jackals (D:2)
  5 frilled lizards
  3 kobolds (D:2)
  2 rats (D:1)
36 creatures vanquished.

Notes
Turn   | Place    | Note
-------+----------+-------------------------------------------
     0 | D:1      | sagitran the Demonspawn Chaos Knight began the quest for
                  | the Orb.
     0 | D:1      | Reached XP level 1. HP: 18/18 MP: 1/1
   101 | D:1      | Gained mutation: You have a pair of small antennae on your
                  | head. [demonic ancestry]
   101 | D:1      | Reached XP level 2. HP: 24/24 MP: 2/2
   210 | D:1      | XOM: silly message
   263 | D:1      | XOM: harmless Hex miscast
   370 | D:1      | XOM: harmless Air miscast
   691 | D:2      | Reached XP level 3. HP: 23/29 MP: 3/3
   795 | D:2      | Found a faded altar of an unknown god.
   849 | D:2      | XOM: divination: detect creatures
   967 | D:2      | Reached skill level 1 in Dodging
  1206 | D:2      | XOM: divination: detect items
  1262 | D:2      | XOM is BORED!
  1262 | D:2      | XOM: silly message
  1317 | D:2      | XOM: mild Tloc miscast
  1318 | D:2      | Noticed a spatial vortex
  1320 | D:2      | Slain by a spatial vortex

Skill      XL: |  1  2  3 |
---------------+----------+-----
Long Blades    | 3 |  3.5
Armour         | 2 |  2.2
Dodging        | 1 |  1.2
Fighting       | |  3.5
Stealth        | |  0.3

Action                   || total
-------------------------++-------
Melee: Falchion          ||    95
  Use: Scroll            ||     7
       Potion            ||     1
 Stab: Sleeping          ||     3
  Eat: Chunk             ||     1
Armor: Leather armour    ||    33
Dodge: Dodged            ||    61
       Rpst.: Falchion   ||    19
